 Dungeon Crawl Stone Soup version 0.31-a0-986-g5e6e4ef867 (webtiles) character file.

Game seed: 10261557442300490902

82 jlumianski the Ruffian (level 4, -1/34 HPs)
             Began as a Gnoll Shapeshifter on Nov 16, 2023.
             Was an Initiate of Hepliaklqana.
             Slain by a lemure (5 damage)
             ... led by Pikel
             ... in the Ecumenical Temple.
             The game lasted 00:10:28 (2963 turns).

jlumianski the Ruffian (Gnoll Shapeshifter)         Turns: 2963, Time: 00:10:29

Health: -1/34      AC:  3    Str: 15    XL:     4   Next: 43%
Magic:  5/5        EV: 12    Int: 13    God:    Hepliaklqana [......]
Gold:   226        SH:  0    Dex: 11    Spells: 5/5 levels left

rFire   x . .        v - +7 rapier "Ykoul" {vamp, rElec rF- Int+3 Stlth+}
rCold   . . .        (no shield)
rNeg    . . .        q - +0 leather armour
rPois   .            (helmet currently unavailable)
rElec   +            (cloak currently unavailable)
rCorr   .            (gloves currently unavailable)
SInv    .            (boots currently unavailable)
Will    .....        (no amulet)
Stlth   ++           (no ring)
HPRegen 0.25/turn    (no ring)
MPRegen 0.09/turn

%: no passive effects
@: beast-form
A: beast (slay +3), fangs 1, strong nose, distributed training
a: Begin Untransformation, Renounce Religion


You were in the Ecumenical Temple.
You worshipped Hepliaklqana.
Hepliaklqana was noncommittal.
You were a hulking beast.
You visited 2 branches of the dungeon, and saw 7 of its levels.

You collected 226 gold pieces.

Inventory:

Hand Weapons
 s - a +2 short sword of speed
 t - a +0 rapier
 v - the +7 rapier "Ykoul" (weapon) {vamp, rElec rF- Int+3 Stlth+}
   (You found it on level 4 of the Dungeon)

   Int+3:     It affects your intelligence (+3).
   rF-:       It makes you vulnerable to fire.
   rElec:     It insulates you from electricity.
   Stlth+:    It makes you more stealthy.
Missiles
 e - 23 stones (quivered)
Armour
 a - a +0 animal skin
 h - a +0 pair of gloves
 l - a +0 scale mail
 m - an orb of guile
 q - a +0 leather armour (worn)
Jewellery
 k - a ring of ice
Talismans
 c - a beast talisman
 d - a flux talisman
 j - a serpent talisman
Wands
 w - a wand of digging (5)
Scrolls
 f - 2 scrolls of identify {unknown}
 g - a scroll of enchant weapon {unknown}
 i - 2 scrolls of vulnerability {unknown}
 n - a scroll of blinking {unknown}
 o - 2 scrolls of teleportation {unknown}
 u - a scroll of poison {unknown}
Potions
 b - a potion of lignification
 p - a potion of curing
 r - a potion of heal wounds {unknown}


   Skills:
 + Level 2.7 Fighting
 + Level 1.1 Short Blades
 + Level 1.1 Long Blades
 + Level 1.1 Axes
 + Level 1.1 Maces & Flails
 + Level 1.1 Polearms
 + Level 1.1 Staves
 + Level 1.1 Ranged Weapons
 + Level 1.1 Throwing
 + Level 1.1 Armour
 + Level 4.6 Dodging
 + Level 1.1 Stealth
 + Level 1.1 Shields
 + Level 6.6 Unarmed Combat
 + Level 1.1 Spellcasting
 + Level 0.9 Conjurations
 + Level 0.9 Hexes
 + Level 0.9 Summonings
 + Level 0.9 Necromancy
 + Level 0.9 Translocations
 + Level 0.9 Transmutations
 + Level 0.9 Fire Magic
 + Level 0.9 Ice Magic
 + Level 0.9 Air Magic
 + Level 0.9 Earth Magic
 + Level 0.9 Poison Magic
 + Level 1.2 Invocations
 + Level 1.1 Evocations
 + Level 6.5 Shapeshifting


You had 5 spell levels left.
You didn't know any spells.
Your spell library contained the following spells:

 Spells                   Type           Power      Damage    Failure   Level
 Freeze                   Ice            12%        1d3       24%         1
 Slow                     Hex            12%        N/A       24%         1
 Confusing Touch          Hex            3%         N/A       56%         3
 Frozen Ramparts          Ice            6%         1d1       56%         3
 Hailstorm                Conj/Ice       3%         3d3       56%         3
 Sigil of Binding         Hex            3%         N/A       56%         3
 Vampiric Draining        Necr           3%         2d6       56%         3


Dungeon Overview and Level Annotations

Branches:
Dungeon (6/15)             Temple (1/1) D:6

Altars:
Ashenzari
Cheibriados
Dithmenos
Elyvilon
Gozag
Hepliaklqana
Makhleb
Nemelex Xobeh
Okawaru
Qazlal
Ru
Trog
Uskayaw
Vehumet
Wu Jian
Xom
Zin
The Shining One

Annotations:
D:6 Pikel
Temple 1 transporter


Innate Abilities, Weirdness & Mutations

You are a hulking beast.
Your limbs bulge with bestial killing power. (Slay +3)
You have very sharp teeth.
Your uncanny sense of smell can sniff out nearby items.
Your experience applies equally to all skills.


Message History

Found an iron altar of Okawaru.
There is a transporter landing site here.
Found a hazy altar of Hepliaklqana.
There is a hazy altar of Hepliaklqana here.
You kneel at the altar of Hepliaklqana.
Hepliaklqana welcomes you!
There is a transporter here.
You enter the transporter and appear at another place.
You can't go down here!
There is a transporter here.
There is a transporter here.
You enter the transporter and appear at another place.
There is a staircase back to the Dungeon here.
Okay, then.
Unknown command.
Unknown command.
You climb upwards.
Welcome back to the Dungeon!
Level annotation: Pikel The sky beast hits you but does no damage.
The lemure misses you. The lemure barely misses you.
The lemure completely misses you.
There is a staircase to the Ecumenical Temple here.
The lemure barely misses you. The lemure hits you.
The sky beast hits you but does no damage.
The lemure hits you.
You climb downwards.
Welcome back to the Ecumenical Temple!
Level annotation: 2 transporters
There is a staircase back to the Dungeon here.
The lemure hits you! The lemure barely misses you.
The lemure attacks as it pursues you! The lemure hits you.
The lemure attacks as it pursues you! The lemure hits you.
The lemure attacks as it pursues you! The lemure hits you.
* * * LOW HITPOINT WARNING * * *
The lemure attacks as it pursues you! The lemure hits you.
* * * LOW HITPOINT WARNING * * *
There is a transporter here.
You enter the transporter and appear at another place.
The lemure hits you.
You die...

##...._........##
##...............##
#_..._..©.©..._.._#
#####################
#........©8©........#
#.<....5..........._#
#......Y.§8©........#
#####################
#_..._..h5©..._.._#
##.......5.......##
##.............##
##........_..##
#_........._#
##...._....##
###########


You could see a sky beast and 3 lemures.

Vanquished Creatures
  2 adders (D:2)
  A worm (D:4)
  A dart slug (D:4)
  4 ball pythons
  7 endoplasms
  4 giant cockroaches
  6 goblins
  10 hobgoblins
  3 kobolds
  A quokka (D:1)
  5 bats
  3 frilled lizards
  6 rats
53 creatures vanquished.

Notes
Turn   | Place    | Note
-------+----------+-------------------------------------------
     0 | D:1      | jlumianski the Gnoll Shapeshifter began the quest for the
                  | Orb.
     0 | D:1      | Reached XP level 1. HP: 17/17 MP: 1/1
   121 | D:1      | Reached XP level 2. HP: 23/23 MP: 2/2
   281 | D:2      | Reached XP level 3. HP: 27/28 MP: 3/3
   489 | D:2      | Found a glowing silver altar of Zin.
   525 | D:2      | Reached skill level 1 in Invocations
   722 | D:1      | Reached skill level 1 in Short Blades
   722 | D:1      | Reached skill level 1 in Long Blades
   722 | D:1      | Reached skill level 1 in Axes
   722 | D:1      | Reached skill level 1 in Maces & Flails
   722 | D:1      | Reached skill level 1 in Polearms
   722 | D:1      | Reached skill level 1 in Staves
   722 | D:1      | Reached skill level 1 in Ranged Weapons
   722 | D:1      | Reached skill level 1 in Throwing
   722 | D:1      | Reached skill level 1 in Armour
   722 | D:1      | Reached skill level 1 in Stealth
   722 | D:1      | Reached skill level 1 in Shields
   722 | D:1      | Reached skill level 1 in Spellcasting
   722 | D:1      | Reached skill level 1 in Evocations
   978 | D:1      | Reached XP level 4. HP: 28/34 MP: 5/5
  1799 | D:4      | Noticed a scorpion
  2519 | D:5      | Entered Level 5 of the Dungeon
  2667 | D:4      | Identified the +7 rapier "Ykoul" {vamp, rElec rF- Int+3
                  | Stlth+}
  2694 | D:4      | Noticed an ogre
  2895 | D:6      | Found a staircase to the Ecumenical Temple.
  2897 | D:6      | Noticed a sky beast
  2903 | D:6      | Noticed a lemure
  2904 | D:6      | Noticed a lemure
  2904 | D:6      | Noticed a lemure
  2905 | D:6      | Noticed a lemure
  2906 | D:6      | Noticed Pikel
  2907 | Temple   | Found a transporter.
  2907 | Temple   | Found a transporter.
  2907 | Temple   | Found a transporter.
  2907 | Temple   | Found a transporter.
  2907 | Temple   | Entered the Ecumenical Temple
  2929 | Temple   | Became a worshipper of Hepliaklqana the Forgotten
  2963 | Temple   | Slain by a lemure

Illustrated notes

Levels and vault maps discovered:
D:1:      minmay_arrival_wavy_path, layout_basic,
          chequers_serial_rivers_small_b, minmay_misc_feat_chi
D:2:      layout_loops_ring, basic_altar, kennysheep_generic_room_12
D:3:      layout_loops_ring, hangedman_decor_diamond_cutter,
          chequers_serial_rivers_micro_b, nicolae_kite_square_tiling_tiny,
          serial_bayou_crossing
D:4:      layout_loops_ring, uniq_blork_the_orc, uniq_grinder
D:5:      layout_basic
D:6:      minmay_chambers_of_sixes, layout_basic,
          minmay_temple_entry_junction_2, uniq_pikel
Temple:   hellmonk_temple_divided_pantheon

Skill      XL: |  1  2  3 |
---------------+----------+-----
Invocations    | 1 |  1.2
Short Blades   | 1 |  1.1
Long Blades    | 1 |  1.1
Axes           | 1 |  1.1
Maces & Flails | 1 |  1.1
Polearms       | 1 |  1.1
Staves         | 1 |  1.1
Ranged Weapons | 1 |  1.1
Throwing       | 1 |  1.1
Armour         | 1 |  1.1
Stealth        | 1 |  1.1
Shields        | 1 |  1.1
Spellcasting   | 1 |  1.1
Evocations     | 1 |  1.1
Fighting       | |  2.7
Dodging        | |  4.6
Unarmed Combat | |  6.6
Conjurations   | |  0.9
Hexes          | |  0.9
Summonings     | |  0.9
Necromancy     | |  0.9
Translocations | |  0.9
Transmutations | |  0.9
Fire Magic     | |  0.9
Ice Magic      | |  0.9
Air Magic      | |  0.9
Earth Magic    | |  0.9
Poison Magic   | |  0.9
Shapeshifting  | |  6.5

Action                     |  1- 3 |  4- 6 || total
---------------------------+-------+-------++-------
  Melee: Unarmed           |    64 |    28 ||    92
         Punch             |     2 |     1 ||     3
         Bite              |     5 |     2 ||     7
         Rapier            |       |     4 ||     4
  Throw: Stone             |     1 |       ||     1
    Use: Potion            |       |     4 ||     4
   Stab: Sleeping          |       |     1 ||     1
 Armour: Animal skin       |     9 |       ||     9
         Scale mail        |    13 |    10 ||    23
         Leather armour    |       |    11 ||    11
  Dodge: Dodged            |    29 |    20 ||    49

Table legend: (Time is in decaauts)
 A = Elapsed time spent in this place.
 B = Non-inter-level travel time spent in this place.
 C = Inter-level travel time spent in this place.
 D = Time resting spent in this place.
 E = Time spent auto-exploring this place.
 F = Levels seen in this place.
 G = Mean time per level.
                   A        B        C        D        E       F      G
               +--------+--------+--------+--------+--------+-----+--------+
         Total |   2930 |   2840 |     90 |    162 |   1718 |   7 |  418.6 |
       Dungeon |   2875 |   2785 |     90 |    162 |   1718 |   6 |  479.2 |
        Temple |     54 |     54 |      0 |      0 |      0 |   1 |   54.0 |
               +--------+--------+--------+--------+--------+-----+--------+

Top non-repeatable levels by time:
     D:1: 891 daAuts
     D:2: 796 daAuts
     D:3: 761 daAuts
     D:5: 204 daAuts
     D:4: 204 daAuts
  Temple: 54 daAuts
     D:6: 18 daAuts
